 Dungeon Crawl Stone Soup version 0.21-a0-356-g45b0a09 (console) character file.

39 Heronymous the Skirmisher (level 3, 0/29 HPs)
             Began as a Demonspawn Monk on Oct 12, 2017.
             Slain by a rat (1 damage)
             ... on level 2 of the Dungeon.
             The game lasted 00:06:37 (1203 turns).

Heronymous the Skirmisher (Demonspawn Monk)         Turns: 1203, Time: 00:06:38

Health: 0/29       AC:  2    Str: 12    XL:     3   Next: 28%
Magic:  3/3        EV: 13    Int: 11    God:
Gold:   44         SH:  0    Dex: 15    Spells: 2/2 levels left

rFire    . . .     SeeInvis .     - Unarmed
rCold    . . .     Gourm    .   (no shield)
rNeg     . . .     Faith    .   a - +0 robe
rPois    .         Spirit   .   (no helmet)
rElec    .         Reflect  .   (no cloak)
rCorr    .         Harm     .   (no gloves)
MR       .....                  (no boots)
Stlth    ++........             (no amulet)
HPRegen  0.09/turn              (no ring)
MPRegen  0.08/turn              (no ring)

@: lethally poisoned (0 -> -1)
A: powered by pain 2
a: no special abilities


You were on level 2 of the Dungeon.
You were not hungry.

You visited 1 branch of the dungeon, and saw 2 of its levels.

You collected 44 gold pieces.

Inventory:

Armour
 a - a +0 robe (worn)
Scrolls
 d - a scroll of noise {unknown}
 e - a scroll of enchant weapon {unknown}
 h - a scroll of fog {unknown}
 j - a scroll of identify {unknown}
 m - a scroll of remove curse {unknown}
Potions
 c - a potion of berserk rage {unknown}
 i - a potion of flight {unknown}
 k - a potion of invisibility {unknown}
 l - a potion of agility {unknown}
Comestibles
 b - a bread ration
 f - 2 fruits


   Skills:
 + Level 3.3 Fighting
 + Level 3.1 Dodging
 + Level 1.9 Stealth
 + Level 3.3 Unarmed Combat


You had 2 spell levels left.
You didn't know any spells.

Dungeon Overview and Level Annotations

Branches:
Dungeon (2/15)

Altars:

Annotations:
D:2 Terence


Innate Abilities, Weirdness & Mutations

You sometimes gain power by taking damage.


Message History

The goblin hits you.
You hit the goblin but do no damage.
The goblin is heavily wounded.
The goblin hits you.
* * * LOW HITPOINT WARNING * * *
You barely miss the goblin.
The goblin is heavily wounded.
You feel sick. The rat bites you.
* * * LOW HITPOINT WARNING * * *
The goblin barely misses you.
You hit the goblin.
The goblin is almost dead.
The rat closely misses you. The goblin hits you.
* * * LOW HITPOINT WARNING * * *
You hit the goblin.
You kill the goblin!
The rat bites you.
* * * LOW HITPOINT WARNING * * *
You barely miss the rat. The rat bites you.
You die...

#####+#### .........#
.........########.#
.............@r...#
@....................
.....................
########............?
#.............
#............$
##############


You could see a rat.

Vanquished Creatures
  An adder (D:2)
  An ooze (D:1)
  A leopard gecko (D:1)
  A giant cockroach (D:1)
  6 goblins
  6 hobgoblins (D:1)
  3 kobolds (D:1)
  A bat (D:1)
  2 frilled lizards (D:1)
22 creatures vanquished.

Notes
Turn   | Place    | Note
-------+----------+-------------------------------------------
     0 | D:1      | Heronymous the Demonspawn Monk began the quest for the Orb.
     0 | D:1      | Reached XP level 1. HP: 18/18 MP: 1/1
   290 | D:1      | Gained mutation: You sometimes gain a little power by taking damage. [demonic ancestry]
   290 | D:1      | Reached XP level 2. HP: 12/24 MP: 2/2
  1104 | D:1      | Gained mutation: You sometimes gain power by taking damage. [demonic ancestry]
  1104 | D:1      | Reached XP level 3. HP: 18/29 MP: 3/3
  1182 | D:2      | Noticed Terence
  1202 | D:2      | HP: 1/29 [rat (2)]
  1203 | D:2      | Slain by a rat

Vault maps used:
D:1:      minmay_arrival_arboretum_small
D:2:      serial_glass, glass_columns_b, glass_columns_a,
          minmay_strange_pillars, hex_tiny, uniq_terence

Skill      XL: |  1  2 |
---------------+-------+-----
Dodging        | 3 |  3.1
Unarmed Combat | 3 |  3.3
Fighting       | |  3.3
Stealth        | |  1.9

Action                   || total
-------------------------++-------
Melee: Unarmed           ||    86
       Punch             ||     2
 Stab: Sleeping          ||     3
  Eat: Bread ration      ||     1
Armor: Robe              ||     7
Dodge: Dodged            ||    48

Table legend:
 A = Spawn XP
 B = Non-spawn XP
 C = Spawn XP percentage of total XP
 D = Spawn monster count
 E = Non-spawn monster count
 F = Spawn count percentage of total count
 G = Total turns spent on level
                    A         B        C        D         E        F      G
               +---------+---------+-------+---------+---------+-------+---------
         Total |       0 |      57 |   0.0 |       0 |      22 |   0.0 |  1203
               +---------+---------+-------+---------+---------+-------+---------
           D:1 |       0 |      42 |   0.0 |       0 |      20 |   0.0 |  1182
           D:2 |       0 |      15 |   0.0 |       0 |       2 |   0.0 |    21
               +---------+---------+-------+---------+---------+-------+---------
